 Dungeon Crawl Stone Soup version 0.25-a0-98-g0cf78c2f83 (webtiles) character file.

Game seed: 7918210671796303457, levelgen mode: deterministic

1837077 Shinah the Conqueror (level 27, 252/252 (253) HPs)
             Began as a Minotaur Berserker on Nov 13, 2019.
             Was the Champion of Trog.
             Escaped with the Orb
             ... and 3 runes!
             The game lasted 03:35:06 (66255 turns).

Shinah the Conqueror (Minotaur Berserker)          Turns: 66255, Time: 03:35:06

HP:   252/252 (253) AC: 51    Str: 31    XL:     27
MP:   23/23         EV: 16    Int:  9    God:    Trog [******]
Gold: 5735          SH: 36    Dex: 21    Spells: 26/26 levels left

rFire    + + .     SeeInvis .   d - +6 broad axe of the Omega Point {chop, Dex+4}
rCold    + + +     Gourm    .   n - +2 large shield {AC+3}
rNeg     + + +     Faith    .   q - +12 gold dragon scales
rPois    +         Spirit   .   s - +0 hat of the Land of Plenty {rElec rPois rF+ rC+}
rElec    +         Reflect  +   A - +1 cloak "Sih Tom" {rF- rN+++ rCorr MP-9}
rCorr    +         Harm     .   X - +3 pair of gauntlets of War {Slay+5}
MR       ++++.                  g - +0 pair of boots "Ynoipam" {Dex+4}
Stlth    ..........             V - +6 amulet of reflection
HPRegen  0.52/turn              Z - ring of Ikkugg {Int+4 Slay+3}
MPRegen  0.18/turn              h - ring "Lumiet Ihej" {rC+ MR+ Stlth-}

@: no status effects
A: retaliatory headbutt, hooves 1, horns 2, rugged brown scales 1, deterioration
1, fire resistance 1, frail 1, magic resistance 1, shaggy fur 1, electricity
resistance, subdued magic 1
0: Orb of Zot
}: 3/15 runes: barnacled, silver, gossamer
a: Berserk, Trog's Hand, Brothers in Arms, Renounce Religion


You escaped.
You worshipped Trog.
Trog was exalted by your worship.
You were not hungry.

You visited 10 branches of the dungeon, and saw 52 of its levels.
You also visited: Ossuary, Gauntlet, Ice Cave and Wizlab.

You collected 16885 gold pieces.
You spent 11150 gold pieces at shops.

Inventory:

Hand Weapons
 a - a +9 broad axe of electrocution
 b - a +9 vampiric broad axe
 d - the +6 broad axe of the Omega Point (weapon) {chop, Dex+4}
   (Trog gifted it to you on level 6 of the Lair of Beasts)

   It inflicts extra damage upon your enemies.
   It affects your dexterity (+4).
Missiles
 m - 94 javelins
 o - 12 throwing nets
 E - 34 silver javelins (quivered)
 I - 7 curare-tipped darts
Armour
 g - the +0 pair of boots "Ynoipam" (worn) {Dex+4}
   (You bought it in a shop on level 2 of the Orcish Mines)

   It affects your dexterity (+4).
 n - a +2 large shield of protection (worn)
 q - +12 gold dragon scales (worn)
 s - the +0 hat of the Land of Plenty (worn) {rElec rPois rF+ rC+}
   (You found it on level 3 of the Spider Nest)

   It protects you from fire.
   It protects you from cold.
   It insulates you from electricity.
   It protects you from poison.
 A - the +1 cloak "Sih Tom" (worn) {rF- rN+++ rCorr MP-9}
   (You found it in a Gauntlet)

   It makes you vulnerable to fire.
   It renders you almost immune to negative energy.
   It affects your magic capacity (-9).
   It provides partial protection from all sources of acid and corrosion.
 X - the +3 pair of gauntlets of War (worn) {Slay+5}
   (You bought it in a shop on level 7 of the Dungeon)

   It affects your accuracy and damage with ranged weapons and melee attacks
   (+5).
Jewellery
 h - the ring "Lumiet Ihej" (right hand) {rC+ MR+ Stlth-}
   (You took it off a deep elf death mage on level 3 of the Elven Halls)

   [ring of attention]

   It protects you from cold.
   It affects your resistance to hostile enchantments.
   It makes you less stealthy.
 P - an uncursed ring of protection from magic
 T - the ring of Sunublid {Fire Int+6}
   (You found it on level 6 of the Dungeon)

   [ring of fire]

   It enhances your fire magic.
   It affects your intelligence (+6).
   It protects you from fire.
   It makes you vulnerable to cold.
 V - a +6 amulet of reflection (around neck)
 Y - an uncursed ring of see invisible
 Z - the ring of Ikkugg (left hand) {Int+4 Slay+3}
   (You bought it in a shop on level 5 of the Depths)

   [ring of slaying]

   It affects your intelligence (+4).
   It affects your accuracy and damage with ranged weapons and melee attacks
   (+3).
Wands
 f - a wand of acid (38)
 p - a wand of paralysis (8)
 y - a wand of iceblast (105)
 L - a wand of clouds (3)
 O - a wand of digging (35)
Scrolls
 k - 36 scrolls of remove curse
 w - 28 scrolls of teleportation
 z - 12 scrolls of fear
 B - 8 scrolls of magic mapping
 F - a scroll of summoning
 G - 8 scrolls of blinking
 M - 10 scrolls of fog
 N - 7 scrolls of immolation
 S - 21 scrolls of identify
Potions
 e - 3 potions of brilliance
 i - 6 potions of invisibility
 j - 9 potions of lignification
 l - 30 potions of curing
 u - 4 potions of haste
 v - a potion of berserk rage
 x - 5 potions of flight
 C - 9 potions of cancellation
 D - 11 potions of heal wounds
 J - 6 potions of magic
 U - 5 potions of ambrosia
 W - 3 potions of resistance
Miscellaneous
 r - 8 phantom mirrors
 H - a sack of spiders
 Q - 6 boxes of beasts
 R - a phial of floods
Comestibles
 c - 71 rations


   Skills:
 O Level 27 Fighting
 + Level 25.8 Axes
 - Level 23.5 Throwing
 - Level 23.1 Armour
 * Level 12.8 Dodging
 - Level 25.0 Shields
 - Level 13.8 Evocations


You had 26 spell levels left.
You didn't know any spells.
Your spell library was empty.

Dungeon Overview and Level Annotations

Branches:
Dungeon (15/15)            Temple (0/1) D:5            Lair (6/6) D:8
 Shoals (4/4) Lair:2       Spider (4/4) Lair:3        Slime (0/5) Lair:6
    Orc (2/2) D:9             Elf (3/3) Orc:2        Vaults (5/5) D:14
  Crypt (3/3) Vaults:3       Tomb (0/3) Crypt:3      Depths (5/5) D:15
    Zot (5/5) Depths:5    Ossuary (visited)           IceCv (visited)
 WizLab (visited)         Gauntlet (visited)

Altars:
Cheibriados
Dithmenos
Gozag
Hepliaklqana
Kikubaaqudgha
Nemelex Xobeh
Okawaru
Ru
Sif Muna
Trog
Uskayaw
Vehumet
Xom
Yredelemnul
Zin
Beogh
Lugonu

Shops:
D:6 [   D:7 [   D:14 :   Orc:1 *([(   Orc:2 (([%*   Elf:3 [[   Shoals:2 ?
Shoals:3 }   Vaults:5 ?}%}%}   Depths:1 %   Depths:5 }}=

Portals:
Hell: Depths:1 Depths:2 Depths:3 Depths:4 Depths:5
Abyss: Depths:1 Depths:4
Pandemonium: Depths:3 Depths:5
Ziggurat: Depths:4

Annotations:
D:7 exclusion: statue
Lair:4 exclusion: downstairs
Shoals:3 exclusion: downstairs
Spider:2 exclusion: downstairs
Vaults:2 Sojobo
Zot:4 1 runed translucent door, 1 transporter, Wolulamy's ghost, veteran SpEn


Innate Abilities, Weirdness & Mutations

You reflexively headbutt those who attack you in melee.
You have a pair of horns on your head.
You have large cloven feet.
You are partially covered in rugged brown scales. (AC +1, +3% HP)
Your body sometimes deteriorates upon taking damage.
Your flesh is heat resistant. (rF+)
You are frail. (-10% HP)
You are resistant to hostile enchantments. (MR+)
You are covered in fur. (AC +1)
You are resistant to electric shocks. (rElec)
Your spells are a little easier to cast, but a little less powerful.


Message History

A green death comes into view.
There is a stone staircase leading up here.
You climb upwards.
There is a stone staircase leading down here.
There is a stone staircase leading up here.
You climb upwards.
There is a stone staircase leading down here.
You feel yourself speed up.
There is a stone staircase leading up here.
You climb upwards.
There is a stone staircase leading down here.
Your extra speed is starting to run out.
You feel yourself slow down.
You feel yourself speed up.
A Hell Sentinel comes into view.
Your extra speed is starting to run out.
You feel yourself slow down.
There is an open door here.
There is a staircase leading out of the dungeon here.
You have escaped!

###.###.#
###.###.####
...........#
###.######.#
#.# #.#
###.#
#.#######
....#
#.#.....#
#####
#.#.....#
#.'..8.@#
###.....#
#.....#
#######


There were no monsters in sight!

Vanquished Creatures
  9 orbs of fire (Zot:5)
  4 ancient liches
  3 juggernauts
  2 curse toes
  4 Killer Klowns (Zot:5)
  The ghost of Nycy the Acrobat, a veteran MfSk of Okawaru (Depths:1)
  Saint Roka (Depths:5)
  15 golden dragons
  5 caustic shrikes
  Arachne (Spider:3)
  A pandemonium lord (D:15)
  4 electric golems
  A Tzitzimitl (Depths:4)
  9 liches
  A Brimstone Fiend (D:14)
  A shard shrike zombie (Crypt:2)
  A Hell Sentinel (Depths:1)
  Jorgrun (Spider:1)
  19 tentacled monstrosities
  3 deep elf blademasters
  Rupert (Lair:6)
  2 deep elf master archers (Elf:3)
  4 titans
  27 Orb Guardians
  The ghost of Cenon the Severer, an adept FoFi of Ru (Spider:3)
  9 quicksilver dragons
  Polyphemus (Shoals:4)
  An eldritch tentacle (WizLab)
  2 Executioners
  6 sphinxes
  19 death cobs
  2 krakens (Shoals:4)
  Kirke (Elf:1)
  A warmonger (Depths:5)
  Frances (Spider:1)
  9 shadow dragons
  7 tengu reavers
  12 draconian monks
  15 storm dragons
  Donald (Vaults:4)
  16 fire giants
  3 revenants
  8 draconian knights
  15 frost giants
  3 iron dragons
  21 vault wardens
  Aizul (Spider:3)
  6 ghost moths
  10 deep elf sorcerers
  10 draconian scorchers
  5 ghouls
  4 emperor scorpions
  2 curse skulls
  A caustic shrike zombie (Crypt:2)
  4 deep elf elementalists (Elf:3)
  8 draconian annihilators
  3 draconian stormcallers
  12 draconian shifters
  17 ironheart preservers
  16 stone giants
  23 very ugly things
  6 war gargoyles
  4 entropy weavers
  A spriggan defender (Depths:4)
  21 green draconians
  A black sun (Depths:5)
  10 deep elf demonologists
  4 vampire knights
  19 yellow draconians
  11 purple draconians
  18 black draconians
  21 white draconians
  10 deep elf annihilators
  4 spark wasps
  2 minotaurs
  16 red draconians
  Snorg (Lair:6)
  2 crystal guardians
  3 eidola
  5 merfolk impalers
  10 deep elf death magi
  A deep elf high priest (Vaults:5)
  17 ettins
  3 merfolk javelineers
  10 jiangshi
  10 ice dragons
  22 yaktaur captains
  A mummy priest (Crypt:3)
  10 fire dragons
  7 great orbs of eyes
  9 rakshasas
  31 vault guards
  A caustic shrike simulacrum (Depths:4)
  3 hydras
  4 catoblepae
  A merfolk avatar (Shoals:4)
  An anaconda (shapeshifter) (Vaults:4)
  53 two-headed ogres
  2 spriggan air magi
  14 centaur warriors
  An alligator snapping turtle (Shoals:4)
  A two-headed ogre (shapeshifter) (Depths:2)
  34 dancing weapons
  20 ogre magi
  4 satyrs
  3 merfolk aquamancers (Shoals:4)
  6 death yaks
  19 deep troll shamans
  A hell hog (Depths:1)
  7 death knights
  8 deep troll earth magi
  A death yak (shapeshifter) (Vaults:5)
  A titan zombie (Crypt:1)
  6 tengu warriors
  3 thrashing horrors (WizLab)
  8 spriggan berserkers
  9 vampire magi
  A sun demon (D:6)
  3 soul eaters
  29 deep elf knights
  2 titan skeletons (Crypt:3)
  8 iron trolls
  7 shadow wraiths
  21 skeletal warriors
  A sixfirhy (D:14)
  29 hell knights
  2 unseen horrors (Vaults:1)
  7 sea snakes
  20 deep trolls
  2 shadow demons
  2 glowing orange brains
  An infernal demonspawn (D:6)
  4 obsidian statues
  The ghost of grouchysmurf the Shield-Bearer, a novice DDFi (D:6)
  9 necromancers
  3 wizards
  14 deep elf archers
  20 ironbrand convokers
  A sphinx zombie (Crypt:2)
  9 flayed ghosts
  24 phantasmal warriors
  A shadow dragon zombie (Depths:4)
  10 harpies
  2 fire giant zombies
  Pikel (D:7)
  A wolf spider (shapeshifter) (Vaults:3)
  67 deep elf magi
  7 oklob plants
  13 orc knights
  2 shadow dragon skeletons
  11 orb spiders
  50 ugly things
  A mana viper (shapeshifter) (Vaults:5)
  2 golden dragon skeletons (Crypt:3)
  25 wolf spiders
  4 orc sorcerers
  A worldbinder (WizLab)
  10 wolf spider zombies (Spider:1)
  10 fauns
  A manticore (shapeshifter) (Vaults:5)
  7 elephants (Lair:6)
  18 cyclopes
  31 moths of wrath
  3 ice statues (IceCv)
  6 water nymphs
  9 manticores
  A titan simulacrum (Depths:4)
  A salamander (shapeshifter) (Depths:4)
  An iron dragon skeleton (Depths:2)
  9 merfolk sirens
  Joseph (D:7)
  3 rust devils
  Psyche (D:9)
  A black mamba (Lair:6)
  18 vault sentinels
  A guardian serpent (WizLab)
  5 orange demons
  7 gargoyles
  A dire elephant zombie (Crypt:3)
  2 torpor snails
  2 emperor scorpion zombies (Crypt:3)
  7 smoke demons
  25 spiny frogs
  3 rime drakes
  A minotaur zombie (Gauntlet)
  A yaktaur (shapeshifter) (Vaults:5)
  3 kobold demonologists
  An efreet (D:15)
  10 demonic crawlers
  A golden dragon simulacrum (Depths:4)
  2 ice devils
  13 freezing wraiths
  An entropy weaver simulacrum (Vaults:2)
  63 yaktaurs
  4 komodo dragons
  12 redback zombies (Spider:1)
  An ancient zyme (WizLab)
  7 red devils
  6 tengu conjurers
  15 trolls
  A tengu simulacrum (Vaults:3)
  32 jumping spiders
  13 hornets
  A queen bee (Depths:2)
  4 wind drakes
  A polar bear (D:9)
  30 merfolk
  A jumping spider (shapeshifter) (Vaults:5)
  A meliai (shapeshifter) (Depths:4)
  A hornet (shapeshifter) (Vaults:2)
  A wind drake (shapeshifter) (Vaults:5)
  3 tyrant leeches (Lair:6)
  A dream sheep (shapeshifter) (Depths:2)
  4 dream sheep (Shoals:2)
  A hydra skeleton (Crypt:2)
  20 blink frogs
  7 bog bodies
  11 snapping turtles
  29 slime creatures
  6 tarantella zombies (Spider:1)
  13 hippogriffs
  2 tarantellas (shapeshifter)
  2 ice dragon skeletons
  73 redbacks
  4 hogs (Elf:1)
  36 yaks
  10 shadows
  22 tarantellas
  14 wraiths
  4 vampires (Crypt:3)
  2 wyverns
  An air elemental (Elf:2)
  2 ynoxinuls
  4 large abominations
  A yak (shapeshifter) (Vaults:4)
  4 spriggans
  2 hogs (shapeshifter)
  29 water elementals
  A chaos spawn (Depths:3)
  3 fire elementals
  A human (D:14)
  4 spatial vortices (WizLab)
  4 hungry ghosts
  6 vampire mosquitoes (Lair:6)
  2 basilisks
  A water nymph zombie (Crypt:1)
  3 acid dragons
  A swamp worm (shapeshifter) (Vaults:5)
  2 wargs (shapeshifter) (Depths:2)
  An insubstantial wisp (WizLab)
  3 swamp worms (Gauntlet)
  3 soldier ants (shapeshifter)
  3 floating eyes
  A merfolk skeleton (Crypt:1)
  11 wargs
  8 water moccasins
  11 hell hounds (Depths:1)
  4 porcupines
  4 sky beasts
  36 orc warriors
  A swamp dragon zombie (Crypt:1)
  A hornet zombie (D:11)
  A slave (D:7)
  2 black bears (shapeshifter)
  A black bear (D:10)
  2 eyes of draining (D:12)
  16 ice beasts
  43 ogres
  8 boggarts
  A small abomination (WizLab)
  6 wolves
  13 centaurs
  15 crocodiles
  4 big kobolds
  32 bullfrogs
  2 elf zombies
  10 earth elementals
  A hornet simulacrum (D:9)
  A raiju zombie (Crypt:1)
  6 scorpions
  A spriggan zombie (Crypt:3)
  11 wights
  30 killer bees
  A yak skeleton (Crypt:2)
  7 electric eels
  9 crimson imps
  3 bullfrog zombies
  4 centaur zombies
  27 orc priests
  2 human simulacra
  A quasit (D:14)
  12 hounds
  A wyvern simulacrum (D:9)
  6 centaur skeletons
  3 human zombies
  4 jellies
  2 bullfrog skeletons
  An iron imp (D:14)
  7 iguanas
  31 orc wizards
  A human skeleton (Crypt:3)
  9 worker ants
  A bullfrog simulacrum (D:6)
  2 centaur simulacra (D:9)
  A crocodile skeleton (Crypt:1)
  A hound skeleton (D:11)
  2 mummies (Ossuary)
  A killer bee simulacrum (D:9)
  2 worker ant zombies
  A howler monkey skeleton (D:7)
  10 gnolls
  11 adders
  A swamp drake skeleton (Crypt:1)
  7 shadow imps
  4 white imps
  3 ufetubi
  7 adder zombies
  A lava snake zombie (Crypt:2)
  3 worms
  A dart slug (D:1)
  2 leopard geckos
  95 orcs
  10 bats
  A bat skeleton (Crypt:1)
  7 giant cockroaches
  5 hobgoblins
  10 jackals
  7 quokkas
  4 ball pythons
  4 frilled lizards
  6 goblins
  A goblin zombie (Ossuary)
  9 hobgoblin zombies (Ossuary)
  A jackal simulacrum (D:6)
  2 jackal zombies (Ossuary)
  23 kobolds
  A kobold skeleton (Crypt:1)
  13 kobold zombies (Ossuary)
  A leopard gecko skeleton (D:8)
  6 orc zombies (Ossuary)
  A quokka skeleton (D:5)
  5 rats
  9 fungi
  7 plants
  4 tentacles (Shoals:4)
  3 withered plants (Gauntlet)
2781 creatures vanquished.

Vanquished Creatures (collateral kills)
  A very ugly thing (Depths:1)
  A death yak (Lair:5)
  An orb spider (Spider:1)
  A hornet (Spider:4)
  A hippogriff (Lair:5)
  3 redbacks (Spider:1)
  A floating eye (Depths:1)
  A crocodile (Lair:5)
10 creatures vanquished.

Vanquished Creatures (others)
  A fire giant (Depths:4)
  A draconian knight (Zot:4)
  A white draconian (Depths:5)
  A yaktaur captain (Depths:5)
  A deep elf mage (Elf:2)
  2 yaktaurs
  A hippogriff (shapeshifter) (Depths:4)
  A slave (D:7)
  An orc warrior (Depths:5)
  A boggart (D:11)
  A centaur skeleton (D:7)
  A statue (D:7)
  A worker ant (D:7)
  An adder (D:7)
  4 orcs
  18 fungi
  50 plants
  6 tentacles (Shoals:4)
  5 withered plants (Gauntlet)
98 creatures vanquished.

Grand Total: 2889 creatures vanquished

Notes
Turn   | Place    | Note
-------+----------+-------------------------------------------
     0 | D:1      | Shinah the Minotaur Berserker began the quest for the Orb.
     0 | D:1      | Reached XP level 1. HP: 19/19 MP: 0/0
   225 | D:1      | Reached XP level 2. HP: 22/27 MP: 1/1
   227 | D:1      | Reached skill level 4 in Fighting
   919 | D:2      | Reached XP level 3. HP: 28/33 MP: 2/2
  1016 | D:2      | Reached ** piety under Trog
  1107 | D:2      | Found a shimmering blue altar of Sif Muna.
  1504 | D:2      | Reached skill level 1 in Throwing
  1504 | D:2      | Reached XP level 4. HP: 41/41 MP: 3/3
  2001 | D:3      | Found an iron altar of Okawaru.
  2212 | D:3      | Reached skill level 5 in Axes
  2574 | D:3      | Reached XP level 5. HP: 43/47 MP: 4/4
  2845 | D:4      | Found a sand-covered staircase.
  2879 | D:4      | Reached *** piety under Trog
  2958 | Ossuary  | Entered an ossuary
  3083 | Ossuary  | Reached XP level 6. HP: 20/53 MP: 5/5
  3085 | Ossuary  | Reached **** piety under Trog
  3688 | D:4      | Reached skill level 5 in Fighting
  3806 | D:4      | Found an opulent altar of Gozag.
  3865 | D:5      | Entered Level 5 of the Dungeon
  4154 | D:5      | Reached XP level 7. HP: 61/61 MP: 6/6
  4233 | D:5      | Found a staircase to the Ecumenical Temple.
  4420 | D:5      | Found a hazy altar of Hepliaklqana.
  4707 | D:5      | Reached skill level 5 in Armour
  4874 | D:6      | Found Paimoi's Armour Emporium.
  4881 | D:6      | Reached XP level 8. HP: 68/68 MP: 7/7
  5213 | D:6      | Found a bloodstained altar of Trog.
  5258 | D:6      | Found a hide-covered altar of Uskayaw.
  5380 | D:6      | Found a glowing silver altar of Zin.
  5495 | D:6      | Reached skill level 5 in Throwing
  5723 | D:6      | Reached skill level 6 in Fighting
  5778 | D:6      | Found a runed translucent gate.
  5778 | D:6      | Found a runed translucent gate.
  5778 | D:6      | Found a runed translucent gate.
  5819 | D:6      | Found a shimmering altar of Xom.
  5819 | D:6      | Found a shimmering altar of Xom.
  5858 | D:6      | Found a shimmering altar of Xom.
  5996 | D:6      | Noticed grouchysmurf's ghost (novice DDFi)
  6251 | D:7      | Noticed Pikel
  6260 | D:7      | Killed Pikel
  6260 | D:7      | Reached XP level 9. HP: 78/78 MP: 8/8
  6352 | D:7      | Found Ymiqup's Antique Armour Emporium.
  6370 | D:7      | Gained mutation: You are resistant to hostile enchantments.
                  | (MR+) [potion of mutation]
  6370 | D:7      | Gained mutation: You have large cloven feet. [potion of
                  | mutation]
  6382 | D:7      | Found a radiant altar of Vehumet.
  6388 | D:7      | Reached skill level 10 in Axes
  6525 | D:7      | Found a sparkling altar of Nemelex Xobeh.
  6773 | D:7      | Noticed Joseph
  6789 | D:7      | Killed Joseph
  6789 | D:7      | Reached skill level 7 in Fighting
  7220 | D:7      | Received a gift from Trog
  7424 | D:8      | Noticed a two-headed ogre
  7444 | D:8      | Killed a two-headed ogre
  7444 | D:8      | Reached XP level 10. HP: 77/88 MP: 9/9
  7605 | D:8      | Found a staircase to the Lair.
  7632 | D:8      | Reached ***** piety under Trog
  7934 | D:8      | Found a shadowy altar of Dithmenos.
  8218 | D:8      | Found a snail-covered altar of Cheibriados.
  8465 | D:9      | Reached skill level 8 in Fighting
  8523 | D:9      | Reached skill level 1 in Evocations
  8539 | D:9      | Received a gift from Trog
  8790 | D:9      | Found a staircase to the Orcish Mines.
  8808 | D:9      | Received a gift from Trog
  8811 | D:9      | Found a roughly hewn altar of Beogh.
  9061 | D:9      | Noticed Psyche
  9100 | D:9      | Killed Psyche
  9738 | D:9      | Reached XP level 11. HP: 95/95 MP: 12/12
 10545 | D:10     | Entered Level 10 of the Dungeon
 10661 | D:10     | Noticed a white ugly thing
 10672 | D:10     | Killed a white ugly thing
 10672 | D:10     | Reached skill level 9 in Fighting
 10889 | D:10     | Received a gift from Trog
 11282 | D:11     | Received a gift from Trog
 11463 | D:11     | Identified Rusad's Compendium of Lethal Flames
 11801 | D:11     | Noticed a storm dragon
 12296 | D:11     | Noticed a fire giant
 12631 | Lair:1   | Entered Level 1 of the Lair of Beasts
 12716 | Lair:1   | Reached skill level 10 in Armour
 13254 | Lair:1   | Reached skill level 5 in Evocations
 13258 | Lair:1   | Noticed an oklob plant
 13258 | Lair:1   | Noticed an oklob plant
 13265 | Lair:1   | Killed an oklob plant
 13265 | Lair:1   | Reached XP level 12. HP: 106/106 MP: 14/14
 14378 | Lair:2   | Found a staircase to the Shoals.
 14761 | Lair:3   | Reached skill level 10 in Fighting
 14977 | Lair:3   | Found a hole to the Spider Nest.
 15502 | Lair:4   | Noticed a four-headed hydra
 15507 | Lair:4   | Killed a four-headed hydra
 15507 | Lair:4   | Reached skill level 10 in Throwing
 16592 | Lair:5   | Received a gift from Trog
 16597 | Lair:5   | Noticed a death yak
 16599 | Lair:5   | Noticed a death yak
 16600 | Lair:5   | Noticed a death yak
 16600 | Lair:5   | Noticed a death yak
 16602 | Lair:5   | Noticed a death yak
 16609 | Lair:5   | Killed a death yak
 16611 | Lair:5   | Killed a death yak
 16612 | Lair:5   | Killed a death yak
 16612 | Lair:5   | Reached skill level 15 in Axes
 16613 | Lair:5   | Killed a death yak
 16613 | Lair:5   | Killed a death yak
 16620 | Lair:5   | Noticed a catoblepas
 16816 | Lair:5   | Killed a catoblepas
 17201 | D:7      | Bought the +3 pair of gauntlets of War {Slay+5} for 1092
                  | gold pieces
 17201 | D:7      | Found the +3 pair of gauntlets of War {Slay+5}
 17606 | Lair:5   | Reached XP level 13. HP: 114/114 MP: 17/17
 17828 | Lair:6   | Entered Level 6 of the Lair of Beasts
 17949 | Lair:6   | Found a staircase to the Slime Pits.
 18190 | Lair:6   | Reached skill level 11 in Fighting
 18192 | Lair:6   | Received a gift from Trog
 18568 | Lair:6   | Noticed Rupert
 18582 | Lair:6   | Killed Rupert
 18780 | Lair:6   | Received a gift from Trog
 18787 | Lair:6   | Got a fine broad axe {god gift}
 18788 | Lair:6   | Identified the +6 broad axe of the Omega Point {chop,
                  | Dex+4} (Trog gifted it to you on level 6 of the Lair of
                  | Beasts)
 18831 | Lair:6   | Noticed Snorg
 18842 | Lair:6   | Killed Snorg
 19212 | Lair:6   | Reached XP level 14. HP: 124/124 MP: 19/19
 19347 | Lair:6   | Found the +5 scythe "Finisher" {speed, eviscerate}
 19814 | Orc:1    | Entered Level 1 of the Orcish Mines
 19814 | Orc:1    | Found Vocyliv's Assorted Antiques.
 19885 | Orc:1    | Found a frozen archway.
 19981 | Orc:1    | Found Varro's Weapon Boutique.
 20010 | IceCv    | Entered an ice cave
 20529 | IceCv    | Got crude ice dragon scales
 20540 | IceCv    | Identified the +1 ice dragon scales of the Skies Above {rF-
                  | rC++ rN+ Dex+4} (You found it in an ice cave)
 20607 | Orc:1    | Received a gift from Trog
 20628 | Orc:1    | Lost mutation: You are resistant to hostile enchantments.
                  | (MR+) [potion of mutation]
 20628 | Orc:1    | Lost mutation: You have large cloven feet. [potion of
                  | mutation]
 20628 | Orc:1    | Gained mutation: You have large cloven feet. [potion of
                  | mutation]
 20628 | Orc:1    | Lost mutation: You have large cloven feet. [potion of
                  | mutation]
 20628 | Orc:1    | Gained mutation: You have a pair of large horns on your
                  | head. [potion of mutation]
 20632 | Orc:1    | Found Tatyen's Armour Boutique.
 20647 | Orc:1    | Lost mutation: You have a pair of large horns on your head.
                  | [potion of mutation]
 20647 | Orc:1    | Gained mutation: You are resistant to hostile enchantments.
                  | (MR+) [potion of mutation]
 20647 | Orc:1    | Gained mutation: You expend magic power (3 MP) to
                  | strengthen your wands. [potion of mutation]
 20876 | Orc:1    | Found Lyukledd's Weapon Emporium.
 21125 | Orc:2    | Entered Level 2 of the Orcish Mines
 21125 | Orc:2    | Found Buejaziu's Weapon Shop.
 21125 | Orc:2    | Found Susufoxae's Food Shop.
 21131 | Orc:2    | Reached skill level 1 in Shields
 21136 | Orc:2    | Reached ****** piety under Trog
 21136 | Orc:2    | Received a gift from Trog
 21198 | Orc:2    | Reached skill level 12 in Fighting
 21208 | Orc:2    | Found Qiylod's Antique Weapon Shoppe.
 21272 | Orc:2    | Received a gift from Trog
 21305 | Orc:2    | Found Ogrulaumup's Antique Armour Boutique.
 21327 | Orc:2    | Bought a pair of dazzling boots for 209 gold pieces
 21337 | Orc:2    | Identified the +0 pair of boots "Ynoipam" {Dex+4} (You
                  | bought it in a shop on level 2 of the Orcish Mines)
 21417 | Orc:2    | Found a staircase to the Elven Halls.
 21421 | Orc:2    | Noticed Nessos
 21425 | Orc:2    | Noticed Nessos
 21425 | Orc:2    | Nessos changed into Nessos the glowing orange brain
 21430 | Orc:2    | Killed Nessos the glowing orange brain
 21561 | Orc:2    | Found Onech's General Store.
 21647 | Orc:2    | Reached skill level 5 in Shields
 21648 | Orc:2    | Found a roughly hewn altar of Beogh.
 22138 | Spider:1 | Entered Level 1 of the Spider Nest
 22341 | Spider:1 | Reached XP level 15. HP: 132/134 MP: 20/20
 22456 | Spider:1 | Reached skill level 13 in Fighting
 22657 | Spider:1 | Received a gift from Trog
 23311 | Spider:1 | Noticed Frances
 23327 | Spider:1 | Killed Frances
 23542 | Spider:1 | Killed a ghost moth
 23668 | Spider:1 | Noticed Jorgrun
 23676 | Spider:1 | Killed Jorgrun
 23677 | Spider:1 | Received a gift from Trog
 24263 | Spider:3 | Noticed Arachne
 24286 | Spider:3 | Killed Arachne
 24489 | Spider:3 | Found a runed translucent gate.
 24489 | Spider:3 | Found a runed translucent gate.
 24489 | Spider:3 | Found a runed translucent gate.
 24490 | Spider:3 | Noticed Cenon's ghost (adept FoFi)
 24509 | Spider:3 | Noticed Aizul
 24524 | Spider:3 | Killed Aizul
 25230 | Spider:3 | Reached XP level 16. HP: 114/145 MP: 21/21
 25289 | Spider:3 | Reached skill level 10 in Shields
 25573 | Spider:4 | Entered Level 4 of the Spider Nest
 25657 | Spider:4 | Identified 2 scrolls of acquirement
 25863 | D:7      | Bought a jacinth-studded crystal plate armour for 1955 gold
                  | pieces
 25863 | D:7      | Identified the +8 crystal plate armour of Terror {MR+} (You
                  | bought it in a shop on level 7 of the Dungeon)
 25864 | D:7      | Bought obsidian-encrusted shadow dragon scales for 1955
                  | gold pieces
 25864 | D:7      | Identified the cursed +0 shadow dragon scales of
                  | Hepliaklqana's Favour {Dex+5 Stlth++++} (You bought it in a
                  | shop on level 7 of the Dungeon)
 25971 | Orc:2    | Bought a brightly glowing buckler for 209 gold pieces
 25971 | Orc:2    | Identified the +1 buckler "Fufyvuot" {rElec} (You bought it
                  | in a shop on level 2 of the Orcish Mines)
 26348 | Spider:4 | Reached skill level 14 in Fighting
 26617 | Spider:4 | Received a gift from Trog
 26751 | Spider:4 | Got a gossamer rune of Zot
 27242 | Spider:3 | Killed Cenon's ghost
 27322 | Spider:3 | Identified the +0 hat of the Land of Plenty {rElec rPois
                  | rF+ rC+} (You found it on level 3 of the Spider Nest)
 27545 | D:11     | Killed a storm dragon
 27589 | D:11     | Reached skill level 15 in Armour
 28026 | D:12     | Received a gift from Trog
 28324 | D:12     | Noticed a sphinx
 28324 | D:12     | a six-headed hydra changed into a sphinx
 28329 | D:12     | Killed a sphinx
 28546 | D:13     | Reached skill level 15 in Throwing
 28653 | D:13     | Found a sacrificial altar of Ru.
 28682 | D:13     | Received a gift from Trog
 28727 | D:13     | Found a gate leading to a gauntlet.
 28734 | Gauntlet | Entered a Gauntlet
 28734 | Gauntlet | Found a transporter.
 28744 | Gauntlet | Found a transporter.
 28759 | Gauntlet | Found a transporter.
 28764 | Gauntlet | Found a transporter.
 28779 | Gauntlet | Found a transporter.
 28798 | Gauntlet | Found a transporter.
 28810 | Gauntlet | Found a transporter.
 28822 | Gauntlet | Found a transporter.
 28834 | Gauntlet | Found a transporter.
 28846 | Gauntlet | Found a transporter.
 28852 | Gauntlet | Found a transporter.
 28852 | Gauntlet | Found a transporter.
 28891 | Gauntlet | Found a transporter.
 28918 | Gauntlet | Found a transporter.
 28918 | Gauntlet | Found a transporter.
 28938 | Gauntlet | Found a transporter.
 29016 | Gauntlet | Found a transporter.
 29036 | Gauntlet | Found a transporter.
 29233 | Gauntlet | Got a blackened cloak
 29235 | Gauntlet | Identified the +1 cloak "Sih Tom" {rF- rN+++ rCorr MP-9}
                  | (You found it in a Gauntlet)
 29321 | D:13     | Reached XP level 17. HP: 154/154 MP: 13/22
 29584 | D:13     | Found a radiant altar of Vehumet.
 30217 | D:14     | Found a basalt altar of Yredelemnul.
 30350 | D:14     | Received a gift from Trog
 30568 | D:14     | Found a gate to the Vaults.
 30783 | D:14     | Found Toah Seti's Book Shoppe.
 31187 | D:14     | Reached skill level 15 in Fighting
 31395 | Orc:1    | Bought a +3 broad axe of venom for 239 gold pieces
 31556 | D:15     | Entered Level 15 of the Dungeon
 31635 | D:15     | Received a gift from Trog
 31718 | D:15     | Found a staircase to the Depths.
 32432 | Vaults:1 | Entered Level 1 of the Vaults
 33034 | Vaults:1 | Received a gift from Trog
 33383 | Vaults:1 | Received a gift from Trog
 33448 | Vaults:1 | Reached XP level 18. HP: 166/166 MP: 14/23
 33555 | Vaults:1 | Reached skill level 16 in Fighting
 33821 | Vaults:1 | Reached skill level 15 in Shields
 33828 | Vaults:1 | Received a gift from Trog
 34169 | Vaults:2 | Reached skill level 17 in Fighting
 34744 | Vaults:2 | Noticed Sojobo
 35458 | Vaults:3 | Received a gift from Trog
 35487 | Vaults:3 | Reached skill level 18 in Fighting
 35520 | Vaults:3 | Found a staircase to the Crypt.
 35520 | Vaults:3 | Found an ancient bone altar of Kikubaaqudgha.
 35521 | Vaults:3 | Found a basalt altar of Yredelemnul.
 35680 | Vaults:3 | Reached XP level 19. HP: 178/179 MP: 15/24
 35969 | Vaults:3 | Received a gift from Trog
 36308 | Vaults:3 | Received a gift from Trog
 36617 | Vaults:3 | Reached skill level 19 in Fighting
 37083 | Vaults:4 | Identified the cursed +0 shield of the Sixty-Six Ghosts
                  | {Regen+ rCorr Dex-3}
 37083 | Vaults:4 | Noticed Donald
 37090 | Vaults:4 | Killed Donald
 37187 | Vaults:4 | Received a gift from Trog
 37291 | Vaults:4 | Received a gift from Trog
 37291 | Vaults:4 | Reached skill level 20 in Fighting
 37518 | Vaults:4 | Noticed a lich
 37525 | Vaults:4 | Reached XP level 20. HP: 172/195 MP: 16/25
 37564 | Vaults:4 | Reached skill level 21 in Fighting
 37748 | Vaults:4 | Received a gift from Trog
 38036 | Vaults:4 | Received a gift from Trog
 38429 | Vaults:5 | Entered Level 5 of the Vaults
 38601 | Crypt:1  | Entered Level 1 of the Crypt
 38696 | Crypt:1  | Reached skill level 22 in Fighting
 38919 | Crypt:1  | Received a gift from Trog
 39607 | Crypt:2  | Got a crude lapis lazuli ring
 39745 | Crypt:2  | Received a gift from Trog
 40104 | Crypt:3  | Entered Level 3 of the Crypt
 40153 | Crypt:3  | Reached XP level 21. HP: 199/210 MP: 17/26
 40376 | Crypt:3  | Reached skill level 23 in Fighting
 40843 | Crypt:3  | Identified the ring of Miuneass {Ice rN++} (You found it on
                  | level 2 of the Crypt)
 41081 | Crypt:3  | Received a gift from Trog
 41318 | Crypt:3  | Found a staircase to the Tomb.
 41330 | Crypt:3  | Noticed an ancient lich
 41358 | Crypt:3  | Killed an ancient lich
 42150 | Elf:1    | Entered Level 1 of the Elven Halls
 42151 | Elf:1    | Received a gift from Trog
 42216 | Elf:1    | Found a radiant altar of Vehumet.
 42765 | Elf:1    | Noticed Kirke
 42777 | Elf:1    | Killed Kirke
 43354 | Elf:2    | Received a gift from Trog
 43440 | Elf:2    | Reached skill level 24 in Fighting
 43471 | Elf:2    | Received a gift from Trog
 43585 | Elf:2    | Found a runed translucent gate.
 43585 | Elf:2    | Found a runed translucent gate.
 43585 | Elf:2    | Found a runed translucent gate.
 43885 | Elf:2    | Received a gift from Trog
 44052 | Elf:3    | Entered Level 3 of the Elven Halls
 44052 | Elf:3    | Found Goqithro's Armour Shoppe.
 44104 | Elf:3    | Found Veecsosu's Armour Shoppe.
 44377 | Elf:3    | Reached XP level 22. HP: 222/222 MP: 19/28
 44412 | Elf:3    | Received a gift from Trog
 44647 | Elf:3    | Identified the +3 plate armour "Haehas" {-Tele rElec rPois}
                  | (You found it on level 3 of the Elven Halls)
 44708 | Elf:3    | Found the +27 Lear's hauberk
 44708 | Elf:3    | Found the +5 demon whip "Spellbinder" {antimagic, MR+}
 44715 | Elf:3    | Identified the cursed ring "Muapeck" {EV-3 Dex+2}
 44721 | Elf:3    | Found the +2 ratskin cloak {+Rats rPois rN+ Str-1 Int-1
                  | Dex+1}
 44744 | Elf:3    | Identified the ring "Lumiet Ihej" {rC+ MR+ Stlth-}
 45075 | Elf:3    | Identified the +5 ring mail of Misanthropy {rN+ rCorr
                  | Int+4} (You found it on level 3 of the Elven Halls)
 45175 | Elf:3    | Reached skill level 10 in Evocations
 46163 | Vaults:5 | Received a gift from Trog
 46287 | Vaults:5 | Reached skill level 25 in Fighting
 46306 | Vaults:5 | Found Siotal's Gadget Shoppe.
 46320 | Vaults:5 | Bought a box of beasts for 360 gold pieces
 46320 | Vaults:5 | Bought a phantom mirror for 540 gold pieces
 46582 | Vaults:5 | Received a gift from Trog
 46622 | Vaults:5 | Found Qoxit's Magic Scroll Boutique.
 46626 | Vaults:5 | Bought a scroll of acquirement for 1092 gold pieces
 46721 | Vaults:5 | Reached XP level 23. HP: 219/233 MP: 20/29
 46752 | Vaults:5 | Found Quatez's Food Boutique.
 46831 | Vaults:5 | Found Nauk's Food Shop.
 46987 | Vaults:5 | Received a gift from Trog
 47494 | Vaults:5 | Found Guirchuen's Gadget Shoppe.
 47498 | Vaults:5 | Found Udadodgh's Gadget Shop.
 47506 | Vaults:5 | Bought a phantom mirror for 480 gold pieces
 47506 | Vaults:5 | Bought a box of beasts for 320 gold pieces
 47527 | Vaults:5 | Got a silver rune of Zot
 47685 | Vaults:5 | Bought a scroll of enchant weapon for 157 gold pieces
 47685 | Vaults:5 | Bought a scroll of enchant weapon for 157 gold pieces
 48100 | D:6      | Killed grouchysmurf's ghost
 48127 | D:6      | Identified the ring of Sunublid {Fire Int+6} (You found it
                  | on level 6 of the Dungeon)
 48284 | Shoals:1 | Entered Level 1 of the Shoals
 48896 | Shoals:2 | Received a gift from Trog
 48993 | Shoals:2 | Found Qevisyic's Magic Scroll Shop.
 49434 | Shoals:3 | Found Yntifis's Gadget Boutique.
 49590 | Shoals:3 | Received a gift from Trog
 49928 | Shoals:4 | Entered Level 4 of the Shoals
 50450 | Shoals:4 | Noticed Polyphemus
 50463 | Shoals:4 | Killed Polyphemus
 50773 | Shoals:4 | Found the +8 demon blade "Leech" {vamp, rN+ AC-3 EV-3}
 50934 | Shoals:4 | Received a gift from Trog
 50982 | Shoals:4 | Got a barnacled rune of Zot
 51300 | Depths:1 | Entered Level 1 of the Depths
 51366 | Depths:1 | Reached XP level 24. HP: 244/244 MP: 20/29
 51389 | Depths:1 | Reached skill level 26 in Fighting
 51439 | Depths:1 | Found Moinaommuss's Food Boutique.
 51701 | Depths:1 | Found a transporter.
 51702 | Depths:1 | Noticed Nycy's ghost (veteran MfSk)
 51804 | Depths:1 | Found a transporter.
 51816 | Depths:1 | Found a gateway to Hell.
 51907 | Depths:1 | Found a corrupted altar of Lugonu.
 51908 | Depths:1 | Found a one-way gate to the infinite horrors of the Abyss.
 52085 | Depths:1 | Killed Nycy's ghost
 52116 | Depths:1 | Identified the cursed +0 hat "Ycaituet" {rC+ Str+3} (You
                  | found it on level 1 of the Depths)
 52264 | Depths:2 | Received a gift from Trog
 52432 | Depths:2 | Received a gift from Trog
 52673 | Depths:2 | Found a runed translucent door.
 52955 | Depths:2 | Received a gift from Trog
 53152 | Depths:2 | Identified the +5 falchion of the Final Chapter {venom,
                  | Str+4}
 53166 | Depths:2 | Noticed a juggernaut
 53198 | Depths:2 | Killed a juggernaut
 53310 | Depths:2 | Received a gift from Trog
 53629 | Depths:2 | Identified the +1 chain mail of Hedging {Str-5 Int+6 Dex+6}
                  | (You found it on level 2 of the Depths)
 53751 | Depths:3 | Received a gift from Trog
 53753 | Depths:3 | Reached XP level 25. HP: 254/254 MP: 20/29
 53860 | Depths:3 | Found a one-way gate leading to the halls of Pandemonium.
 53946 | Depths:3 | Received a gift from Trog
 54811 | Depths:4 | Paralysed by a floating eye for 2 turns
 54813 | Depths:4 | Noticed a juggernaut
 54814 | Depths:4 | Received a gift from Trog
 54820 | Depths:4 | Paralysed by a floating eye for 2 turns
 54826 | Depths:4 | Paralysed by a floating eye for 2 turns
 54833 | Depths:4 | Reached skill level 27 in Fighting
 54839 | Depths:4 | Killed a juggernaut
 54913 | Depths:4 | Found a magical portal.
 54922 | WizLab   | Found a transporter.
 54950 | WizLab   | Found a corrupted altar of Lugonu.
 54998 | WizLab   | Found a transporter.
 55030 | WizLab   | Found a transporter.
 55097 | WizLab   | Found a transporter.
 55146 | WizLab   | Found a corrupted altar of Lugonu.
 55172 | WizLab   | Found a transporter.
 55172 | WizLab   | Found a transporter.
 55199 | WizLab   | Found a transporter.
 55199 | WizLab   | Found a transporter.
 55232 | WizLab   | Found a transporter.
 55232 | WizLab   | Found a transporter.
 55283 | WizLab   | Found a transporter.
 55289 | WizLab   | Found a transporter.
 55297 | WizLab   | Received a gift from Trog
 55310 | WizLab   | Got a translucent steel ring
 55311 | WizLab   | Identified the ring "Hablaj" {MR+ Dex+2} (You found it in a
                  | wizard's laboratory)
 55337 | WizLab   | Identified the +3 cloak "Foifa" {-Cast rF- Str+3 Int+9}
                  | (You found it in a wizard's laboratory)
 55360 | WizLab   | Found a transporter.
 55360 | WizLab   | Found a transporter.
 55391 | WizLab   | Found a transporter.
 55418 | WizLab   | Found a transporter.
 55450 | WizLab   | Found a transporter.
 55450 | WizLab   | Found a transporter.
 55542 | Depths:4 | Identified the amulet "Xuhuluz" {Faith Fragile rPois Dex+3}
 55551 | Depths:4 | Identified the +0 great sword of Checkmate {protect, rN+
                  | Str+2 Int+2 Dex+2}
 55551 | Depths:4 | Identified the +6 triple crossbow "Hurghor" {freeze, +Inv}
 55766 | Depths:4 | Received a gift from Trog
 55786 | Depths:4 | Identified the +0 hat "Waefo" {rC+} (You found it on level
                  | 4 of the Depths)
 56073 | Depths:4 | Identified the +9 falchion of Dissent {freeze, rC- rN+ MR+
                  | Dex+3}
 56214 | Depths:4 | Identified the Catalogue of Flight and Attacks
 56279 | Depths:4 | Received a gift from Trog
 56545 | Depths:4 | Found a gateway to a ziggurat.
 57293 | Vaults:5 | Bought a scroll of enchant armour for 157 gold pieces
 57688 | Shoals:2 | Bought a scroll of enchant armour for 142 gold pieces
 58052 | Depths:5 | Entered Level 5 of the Depths
 58212 | Depths:5 | Received a gift from Trog
 58256 | Depths:5 | Found Sop Dui's Gadget Boutique.
 58257 | Depths:5 | Found Xoseozie's Jewellery Shoppe.
 58258 | Depths:5 | Found Iribuhio's Gadget Boutique.
 58263 | Depths:5 | Bought a box of beasts for 220 gold pieces
 58265 | Depths:5 | Bought a +6 amulet of reflection for 702 gold pieces
 58265 | Depths:5 | Bought the ring of Ikkugg {Int+4 Slay+3} for 724 gold
                  | pieces
 58274 | Depths:5 | Bought a box of beasts for 440 gold pieces
 58284 | Depths:5 | Reached XP level 26. HP: 265/265 MP: 20/29
 58359 | Depths:5 | Noticed Saint Roka
 58382 | Depths:5 | Killed Saint Roka
 58634 | Depths:5 | Noticed a juggernaut
 58645 | Depths:5 | Killed a juggernaut
 58863 | Depths:5 | Received a gift from Trog
 59123 | Depths:5 | Found a gate to the Realm of Zot.
 59161 | Zot:1    | Entered Level 1 of the Realm of Zot
 59297 | Zot:1    | Received a gift from Trog
 60065 | Zot:2    | Reached skill level 5 in Dodging
 60284 | Zot:2    | Reached XP level 27. HP: 272/272 MP: 21/30
 60306 | Zot:2    | Received a gift from Trog
 61042 | Zot:2    | Received a gift from Trog
 61787 | Zot:3    | Received a gift from Trog
 63102 | Zot:4    | Received a gift from Trog
 63115 | Zot:4    | Noticed an ancient lich
 63529 | Zot:4    | Found a runed translucent door.
 63529 | Zot:4    | Found a shimmering altar of Xom.
 63529 | Zot:4    | Noticed Wolulamy's ghost (veteran SpEn)
 63530 | Zot:4    | Found the +7 lajatang of Order {silver, rMut}
 63587 | Zot:4    | Found a transporter.
 63588 | Zot:4    | Found the +0 pair of fencer's gloves {Riposte Dex+3}
 63588 | Zot:4    | Found a radiant altar of Vehumet.
 63588 | Zot:4    | Identified the amulet "Ygel" {+Rage rPois Str+4}
 63590 | Zot:4    | Noticed an orb of fire
 63592 | Zot:4    | Noticed an ancient lich
 63928 | Zot:5    | Entered Level 5 of the Realm of Zot
 63991 | Zot:5    | Noticed an orb of fire
 63996 | Zot:5    | Noticed an orb of fire
 63997 | Zot:5    | Killed an orb of fire
 63997 | Zot:5    | Reached skill level 10 in Dodging
 63997 | Zot:5    | Gained mutation: You have large cloven feet. [an orb of
                  | fire]
 63999 | Zot:5    | Noticed an orb of fire
 63999 | Zot:5    | Gained mutation: You are frail. (-10% HP) [an orb of fire]
 63999 | Zot:5    | Noticed an ancient lich
 64004 | Zot:5    | Noticed an orb of fire
 64007 | Zot:5    | Killed an orb of fire
 64007 | Zot:5    | Gained mutation: You are very frail. (-20% HP) [an orb of
                  | fire]
 64017 | Zot:5    | Gained mutation: Your body sometimes deteriorates upon
                  | taking damage. [an orb of fire]
 64020 | Zot:5    | Killed an orb of fire
 64020 | Zot:5    | Noticed an orb of fire
 64022 | Zot:5    | Killed an orb of fire
 64024 | Zot:5    | Killed an ancient lich
 64027 | Zot:5    | Noticed an orb of fire
 64030 | Zot:5    | Received a gift from Trog
 64033 | Zot:5    | Killed an orb of fire
 64037 | Zot:5    | Gained mutation: You occasionally shout uncontrollably at
                  | your foes. [an orb of fire]
 64038 | Zot:5    | Killed an orb of fire
 64777 | Depths:4 | Lost mutation: You expend magic power (3 MP) to strengthen
                  | your wands. [potion of mutation]
 64777 | Depths:4 | Lost mutation: You occasionally shout uncontrollably at
                  | your foes. [potion of mutation]
 64777 | Depths:4 | Lost mutation: You are very frail. (-20% HP) [potion of
                  | mutation]
 64777 | Depths:4 | Gained mutation: Your spells are a little easier to cast,
                  | but a little less powerful. [potion of mutation]
 64777 | Depths:4 | Gained mutation: Your flesh is heat resistant. (rF+)
                  | [potion of mutation]
 64777 | Depths:4 | Gained mutation: You are partially covered in rugged brown
                  | scales. (AC +1, +3% HP) [potion of mutation]
 65067 | Zot:5    | Noticed an ancient lich
 65067 | Zot:5    | Noticed an orb of fire
 65076 | Zot:5    | Noticed an ancient lich
 65077 | Zot:5    | Killed an orb of fire
 65077 | Zot:5    | Noticed an orb of fire
 65079 | Zot:5    | Noticed an orb of fire
 65080 | Zot:5    | Killed an ancient lich
 65090 | Zot:5    | Gained mutation: You are covered in fur. (AC +1) [an orb of
                  | fire]
 65093 | Zot:5    | Gained mutation: You are resistant to electric shocks.
                  | (rElec) [an orb of fire]
 65094 | Zot:5    | Killed an orb of fire
 65095 | Zot:5    | Killed an orb of fire
 65100 | Zot:5    | Killed an ancient lich
 65257 | Zot:5    | Received a gift from Trog
 65444 | Zot:5    | Got the Orb of Zot
 65817 | D:15     | Noticed Naka the pandemonium lord
 65826 | D:15     | Killed Naka the pandemonium lord
 65855 | D:15     | Received a gift from Trog
 66084 | D:6      | Noticed Huimnups the pandemonium lord
 66255 | D:$      | Escaped with the Orb!

Levels and vault maps discovered:
D:1:      minmay_arrival_solitary_statue, layout_loops_ring
D:2:      layout_basic, led_sif_pool, first_ration
D:3:      layout_basic, nicolae_overflow_hidden_temple, okawaru_gym_becter
D:4:      layout_basic, nicolae_gozag_cash_rules_everything_around_me,
          nicolae_ossuary_entry_monument, st_stairs_8
D:5:      layout_loops_corners, kennysheep_mini,
          minmay_temple_entry_stoned_glass
D:6:      layout_basic, lightli_temple_of_fire, old_standard_altar,
          eat_drink_and_be_merry_uskayaw, xom_redecorated, gammafunk_ghost_icy,
          serial_shops, shop, kennysheep_generic_room_12
D:7:      layout_basic, vehumet_statue, nemelex_xobeh_ov_fountains_minmay,
          serial_shops, shop, uniq_pikel, uniq_joseph
D:8:      layout_basic, cheibrodos_worm_habitat, lemuel_doored_altar,
          dpeg_oklobed_lair, minivault_5
D:9:      minmay_goldmine, layout_rooms, minmay_orc_entry_temple_small,
          serial_ice, serial_ice_o, serial_ice_e, serial_ice_j, serial_ice_n,
          kennysheep_pointless_box, the_bakery, uniq_psyche
D:10:     layout_cave_pools, hangedman_decor_lopped
D:11:     minmay_mutant_horseshoe, layout_irregular_city
D:12:     layout_roguey
D:13:     layout_basic, gauntlet_entry_generic, basic_altar,
          nicolae_ru_the_path_less_chosen
D:14:     layout_basic, grunt_vaults_entry_fortified, serial_shops, shop,
          basic_altar, minmay_misc_feat_encased, hangedman_devilish_allure
D:15:     grunt_enter_depths_giant_problem, layout_basic, serial_park_tiny_pond
Lair:1:   layout_loops_ring, infiniplex_staircase_pool, serial_bayou_shore_b,
          minmay_lair_oklob_chamber
Lair:2:   layout_hall_layers, elwin_shoals_entry_rooms
Lair:3:   layout_chaotic_city, spider_nest_entry_web_field, fungi_pond_lemuel
Lair:4:   layout_layer_cave
Lair:5:   layout_regular_city, serial_bayou_pond_e, beast_lair_carwin_8,
          serial_bayou_shore_b
Lair:6:   minmay_lair_end_frog_pond, layout_gridlike,
          minmay_slime_entry_oklob_enclosed, uniq_snorg, uniq_rupert
Shoals:1: layout_shoals
Shoals:2: layout_shoals, serial_shops, shop
Shoals:3: layout_shoals, serial_shops, nicolae_shop_stone,
          nicolae_shoals_stone_sculpture_thing
Shoals:4: shoals_end_hangedman, layout_shoals, uniq_polyphemus
Spider:1: lemuel_spider_zombies, drop_trap, uniq_frances, uniq_jorgrun
Spider:2: layout_spider_delve
Spider:3: spider_temple_joshua, gammafunk_ghost_tricky_traps,
          nicolae_spider_cling_ruins, uniq_aizul, uniq_arachne
Spider:4: spider_rune_water
Orc:1:    cheibrodos_orc_guarddog, layout_caves, serial_shops,
          nicolae_shop_crystal, shop, nicolae_shop_crystal,
          nicolae_shop_statue_plus, portal_ice_cave_rime, mines_bat_river
Orc:2:    st_orc_open, layout_caves, serial_shops, nicolae_shop_behind_doors,
          nicolae_orc_lost_temple, uniq_nessos
Elf:1:    eino_elf_arrival_shootout, layout_onion_city, basic_altar,
          hangedman_elf_represent, uniq_kirke
Elf:2:    layout_geoelf_diagonals
Elf:3:    elf_hall, layout_geoelf_grid, serial_shops, shop, onia_ninara_cookie,
          minmay_shop_star
Vaults:1: dpeg_vaults_waves, nicolae_vaults_hallways_thing,
          nicolae_vaults_specimen_jars, dpeg_vaults_monster_row,
          vaults_dpeg_cross, hangedman_vaults_cutoff, hangedman_vaults_pinch,
          nicolae_vaults_mini_display_case, ontoclasm_vaults_ring_large,
          ontoclasm_vaults_idyll, grunt_vaults_hallway_long,
          layout_vaults_omnicross
Vaults:2: v_rooms_3, grunt_vaults_focal, nicolae_vaults_big_angled_halls,
          v_alt_pattern_6, v_misc_29, nicolae_vaults_border_crossing,
          vaults_room_pools, layout_vaults_omnigrid, uniq_sojobo
Vaults:3: hangedman_vaults_nodes, hangedman_vaults_locks,
          vaults_room_semicircle, v_alt_pattern_5, ontoclasm_vaults_ring_large,
          minmay_crypt_entry_necro_gods, nicolae_vaults_asterisk,
          nicolae_vaults_little_squares_6, hangedman_vaults_unwind,
          v_alt_pattern_2, layout_vaults_omnibox
Vaults:4: nicolae_vaults_minivaults, nicolae_vaults_what_the_h,
          ontoclasm_vaults_ring_small, hangedman_vaults_maws,
          hangedman_vaults_trim, vaults_room_door_ring, ontoclasm_vaults_eye,
          vaults_room_fours, nicolae_vaults_yaktaur_gun_rack,
          layout_vaults_big_room, uniq_donald
Vaults:5
Crypt:1:  layout_misc_corridors, grunt_crypt_arrival_split
Crypt:2:  layout_gridlike
Crypt:3:  quadcrypt_mu
Depths:1: layout_cave_pools, grunt_hell_horde, serial_shops, nicolae_shop_stone,
          gammafunk_ghost_berserking_beasts, abyss_entry_flame_altar,
          hangedman_abyss_or_decor_jellyfish_corner,
          hangedman_cracks_in_the_wall
Depths:2: box_level_dp, hell_entry, serial_shops
Depths:3: minmay_haunted_quarter, layout_basic, grunt_hell_entry_dis_old,
          rand_demon_pan_entry_4
Depths:4: minmay_the_grid_square_5x5_4x4_mashed
          [minmay_the_grid_square_5x5_seven,
          minmay_the_grid_square_5x5_pentomino_r,
          minmay_the_grid_square_5x5_checkered_sparse,
          minmay_the_grid_square_5x5_checkered,
          minmay_the_grid_square_5x5_two_small,
          minmay_the_grid_square_5x5_prize_rear_guard,
          minmay_the_grid_square_5x5_prize_junk,
          minmay_the_grid_square_5x5_inverted_slash,
          minmay_the_grid_square_5x5_three_small,
          minmay_the_grid_square_5x5_prize_monsterx,
          minmay_the_grid_square_5x5_prize_waves,
          minmay_the_grid_square_5x5_longway, minmay_the_grid_square_5x5_slash,
          minmay_the_grid_square_5x5_trominoes, minmay_the_grid_square_5x5_mess,
          minmay_the_grid_square_5x5_shrine2], layout_honeycomb,
          enter_ziggurat_f, hangedman_coc_ice_floe, minmay_strange_pillars,
          abyss_entry, mu_enter_wizlab_3
Depths:5: grunt_zot_entry_gee_three, layout_gridlike,
          hangedman_decor_clover_reticule, hell_entry, pan_entry,
          minmay_shop_grove, uniq_saint_roka
Zot:1:    layout_gridlike
Zot:2:    nicolae_moth_party, layout_basic, st_stairs_5, grunt_megastairs_4
Zot:3:    layout_cathedral_of_symmetry, st_stairs_4
Zot:4:    gammafunk_sealed_library, layout_basic, ebering_ghost_xom
Zot:5:    layout_misc_corridors

Skill      XL: |  1  2  3  4  5  6  7  8  9 10 11 12 13 14 15 16 17 18 19 20 21 22 23 24 25 26 27 |
---------------+----------------------------------------------------------------------------------+-----
Fighting       | 4 5 6 7 8 9 10 11 12 13 14 15 18 20 22 24 25 26 27 | 27.0
Axes           | 4 5 6 7 8 9 11 12 14 15 16 18 19 25 | 25.8
Armour         | 3 4 5 6 7 9 10 11 12 14 15 16 18 19 20 22 23 | 23.1
Throwing       | 1 2 4 5 7 9 10 11 12 13 15 16 17 18 19 21 23 | 23.5
Evocations     | 2 5 6 8 9 10 11 13 | 13.8
Shields        | 6 9 12 14 15 16 19 21 24 25 | 25.0
Dodging        | 5 12 | 12.8

Action                   |  1- 3 |  4- 6 |  7- 9 | 10-12 | 13-15 | 16-18 | 19-21 | 22-24 | 25-27 || total
-------------------------+-------+-------+-------+-------+-------+-------+-------+-------+-------++-------
Melee: Hand axe          |    97 |    60 |       |       |       |     2 |       |       |       ||   159
       Headbutt          |    10 |    34 |    42 |    87 |   182 |   292 |   348 |   398 |   595 ||  1988
       War axe           |       |    92 |   207 |   378 |       |       |       |       |       ||   677
       Battleaxe         |       |       |       |   112 |   121 |       |       |       |       ||   233
       Broad axe         |       |       |       |       |   483 |   958 |  1117 |  1173 |  1608 ||  5339
Throw: Dart              |    24 |    46 |    76 |    35 |   118 |    10 |       |       |       ||   309
       Javelin           |       |       |    10 |    24 |   100 |       |    13 |    83 |   220 ||   450
       Boomerang         |       |       |       |   166 |   123 |   260 |   212 |   300 |       ||  1061
Invok: Berserk           |       |     1 |     5 |    10 |     7 |     2 |     2 |     2 |     3 ||    32
       Trog's Hand       |       |       |     2 |     5 |     7 |     5 |     2 |     2 |     5 ||    28
       Brothers in Arms  |       |       |       |     1 |     1 |     1 |       |     1 |       ||     4
Evoke: Wand              |       |       |       |       |     4 |     8 |       |     1 |     2 ||    15
       Box of beasts     |       |       |       |       |       |     1 |       |       |       ||     1
       Phantom mirror    |       |       |       |       |       |     1 |       |       |       ||     1
  Use: Scroll            |       |       |    12 |    14 |     2 |    26 |    11 |    17 |    27 ||   109
       Potion            |       |       |     1 |       |     2 |     1 |       |     3 |    11 ||    18
 Stab: Sleeping          |     1 |       |       |       |       |       |       |       |       ||     1
       Distracted        |       |       |       |       |       |     1 |       |     2 |       ||     3
       Petrified         |       |       |       |       |       |       |       |    14 |       ||    14
       Petrifying        |       |       |       |       |       |       |       |     1 |       ||     1
  Eat: Chunk             |     2 |     9 |    13 |    39 |    21 |    31 |    24 |    24 |    31 ||   194
       Ration            |       |       |     1 |     1 |     4 |     2 |     2 |     3 |     5 ||    18
Armor: Ring mail         |    42 |       |       |       |       |       |       |       |       ||    42
       Animal skin       |     2 |       |       |       |       |       |       |       |       ||     2
       Scale mail        |    11 |     1 |       |       |       |       |       |       |       ||    12
       Plate armour      |       |    86 |   123 |   293 |   107 |       |       |       |       ||   609
       Ice dragon scales |       |       |       |       |   194 |    14 |       |       |       ||   208
       Chain mail        |       |       |       |       |    24 |       |       |       |       ||    24
       Crystal plate arm |       |       |       |       |       |   433 |   563 |   561 |   174 ||  1731
       Gold dragon scale |       |       |       |       |       |       |       |       |   518 ||   518
Dodge: Dodged            |    59 |    58 |    66 |   166 |   186 |   154 |   167 |   183 |   309 ||  1348
Block: Shield            |       |       |       |       |   194 |   468 |   568 |    40 |       ||  1270
       Buckler           |       |       |       |       |       |     5 |       |       |       ||     5
       Large shield      |       |       |       |       |       |       |       |  1180 |  2038 ||  3218
       Reflection        |       |       |       |       |       |       |       |     3 |    56 ||    59

Table legend:
 A = Non-vault XP
 B = Vault XP
 C = Vault XP percentage of total XP
 D = Non-vault monster count
 E = Vault monster count
 F = Vault count percentage of total count
                 A         B        C        D         E       F
            +---------+---------+-------+---------+---------+-------
      Total | 1031804 |  976070 |  48.6 |    1682 |    1075 |  39.0
            +---------+---------+-------+---------+---------+-------
        D:1 |      36 |       0 |   0.0 |      19 |       0 |   0.0
        D:2 |      86 |       0 |   0.0 |      24 |       0 |   0.0
        D:3 |      84 |       0 |   0.0 |      15 |       0 |   0.0
        D:4 |      70 |       3 |   4.1 |      10 |       1 |   9.1
        D:5 |     868 |       0 |   0.0 |      26 |       0 |   0.0
        D:6 |     706 |    1178 |  62.5 |      32 |       8 |  20.0
        D:7 |    1779 |    1072 |  37.6 |      31 |       2 |   6.1
        D:8 |    1646 |       5 |   0.3 |      21 |       1 |   4.5
        D:9 |    2411 |    2893 |  54.5 |      32 |      38 |  54.3
       D:10 |    3237 |       0 |   0.0 |      27 |       0 |   0.0
       D:11 |    5034 |    4882 |  49.2 |      41 |       4 |   8.9
       D:12 |    7222 |       0 |   0.0 |      34 |       0 |   0.0
       D:13 |    6563 |       0 |   0.0 |      36 |       0 |   0.0
       D:14 |   10800 |   11871 |  52.4 |      25 |      27 |  51.9
       D:15 |    7487 |    1964 |  20.8 |      27 |       1 |   3.6
     Lair:1 |    2845 |    1941 |  40.6 |      16 |       4 |  20.0
     Lair:2 |     526 |     458 |  46.5 |       6 |       1 |  14.3
     Lair:3 |    2301 |       0 |   0.0 |      12 |       0 |   0.0
     Lair:4 |    3149 |       0 |   0.0 |      13 |       0 |   0.0
     Lair:5 |    3932 |    4817 |  55.1 |      17 |       7 |  29.2
     Lair:6 |    9994 |   17249 |  63.3 |      34 |      51 |  60.0
   Shoals:1 |    5057 |       0 |   0.0 |      13 |       0 |   0.0
   Shoals:2 |   11698 |       0 |   0.0 |      29 |       0 |   0.0
   Shoals:3 |   16137 |       0 |   0.0 |      33 |       0 |   0.0
   Shoals:4 |   14234 |   21681 |  60.4 |      30 |      31 |  50.8
   Spider:1 |   15535 |   17270 |  52.6 |      47 |      31 |  39.7
   Spider:2 |    5122 |       0 |   0.0 |      20 |       0 |   0.0
   Spider:3 |    4656 |   28267 |  85.9 |      17 |      42 |  71.2
   Spider:4 |   12617 |   18362 |  59.3 |      36 |      40 |  52.6
      Orc:1 |    1202 |    1565 |  56.6 |       8 |      12 |  60.0
      Orc:2 |    4439 |   16265 |  78.6 |      37 |      38 |  50.7
      Elf:1 |   10512 |   10603 |  50.2 |      14 |      15 |  51.7
      Elf:2 |   14222 |   24834 |  63.6 |      21 |      29 |  58.0
      Elf:3 |   20586 |   54823 |  72.7 |      31 |      46 |  59.7
   Vaults:1 |   35014 |   31391 |  47.3 |      60 |      36 |  37.5
   Vaults:2 |   17962 |   21168 |  54.1 |      35 |      27 |  43.5
   Vaults:3 |   46938 |   17547 |  27.2 |      81 |      27 |  25.0
   Vaults:4 |   63628 |   44666 |  41.2 |      99 |      48 |  32.7
   Vaults:5 |   27774 |  109749 |  79.8 |      36 |      76 |  67.9
    Crypt:1 |   37542 |       0 |   0.0 |      57 |       0 |   0.0
    Crypt:2 |   19816 |       0 |   0.0 |      22 |       0 |   0.0
    Crypt:3 |       0 |   53893 | 100.0 |       0 |      75 | 100.0
   Depths:1 |   20143 |   33919 |  62.7 |      29 |      39 |  57.4
   Depths:2 |   32104 |   67621 |  67.8 |      49 |      63 |  56.2
   Depths:3 |   30790 |    7461 |  19.5 |      40 |      18 |  31.0
   Depths:4 |   60313 |   46054 |  43.3 |      70 |      38 |  35.2
   Depths:5 |   71104 |   39993 |  36.0 |      56 |      32 |  36.4
      Zot:1 |   54037 |       0 |   0.0 |      29 |       0 |   0.0
      Zot:2 |   85158 |   30995 |  26.7 |      48 |      25 |  34.2
      Zot:3 |   79036 |    3646 |   4.4 |      50 |       3 |   5.7
      Zot:4 |   93389 |       0 |   0.0 |      57 |       0 |   0.0
      Zot:5 |   50263 |  198993 |  79.8 |      30 |      45 |  60.0
    Ossuary |       0 |     257 | 100.0 |       0 |      38 | 100.0
      IceCv |       0 |    3253 | 100.0 |       0 |      11 | 100.0
     WizLab |       0 |   20169 | 100.0 |       0 |      37 | 100.0
   Gauntlet |       0 |    3292 | 100.0 |       0 |       8 | 100.0
            +---------+---------+-------+---------+---------+-------
